 Dungeon Crawl Stone Soup version 0.31-a0-1405-g2bb1a01664 (webtiles) character file.

Game seed: 15725763889628928356

66042 bumbalina the Thaumaturge (level 15, -5/93 HPs)
             Began as a Gargoyle Earth Elementalist on Dec 25, 2023.
             Was the Champion of Cheibriados.
             Slain by a +5 scimitar of protection (10 damage)
             ... on level 2 of the Elven Halls.
             The game lasted 00:50:53 (20969 turns).

bumbalina the Thaumaturge (GrEE)                   Turns: 20969, Time: 00:50:53

Health: -5/93      AC: 35    Str: 39    XL:     15   Next: 18%
Magic:  7/33       EV: 11    Int: 46    God:    Cheibriados [******]
Gold:   1508       SH: 13    Dex: 23    Spells: 35/43 levels left

rFire   + . .        M - +8 trishula "Condemnation" {holy, anguish, *Noise Fly rN+}
rCold   . . .        l - +0 kite shield
rNeg    + + .        d - +3 ring mail {rF+}
rPois   ∞            (no helmet)
rElec   +            I - +2 cloak of the Swan {Regen+ Str+4}
rCorr   +            n - +1 pair of gloves
SInv    .            J - +3 pair of boots of Chimes {rCorr Str+4 Stlth-}
Will    +....        (no amulet)
Stlth   +            R - +4 ring of protection
HPRegen 1.15/turn    L - +6 ring of intelligence
MPRegen 0.23/turn

%: no passive effects
@: flying, very slow
A: sickness immunity, AC +11, big wings, negative energy resistance 1,
electricity resistance, torment resistance 1, petrification resistance, clever
1, strong 1
a: Renounce Religion, Bend Time, Temporal Distortion, Slouch, Step From Time


You were on level 2 of the Elven Halls.
You worshipped Cheibriados.
Cheibriados was exalted by your worship.
You visited 4 branches of the dungeon, and saw 17 of its levels.

You collected 2015 gold pieces.
You spent 507 gold pieces at shops.

Inventory:

Hand Weapons
 M - the +8 trishula "Condemnation" (weapon) {holy, anguish, *Noise Fly rN+}
   (You acquired it on level 2 of the Orcish Mines)

   rN+:       It protects you from negative energy.
   Fly:       It grants you flight.
   *Noise:    It may make a loud noise when swung.
 U - the +6 flail of the Abyss {flame, rC+ Dex+4}
   (You found it on level 10 of the Dungeon)

   Dex+4:     It affects your dexterity (+4).
   rC+:       It protects you from cold.
Missiles
 G - 13 throwing nets
Armour
 d - a +3 ring mail of fire resistance (worn)
 l - a +0 kite shield (worn)
 n - a +1 pair of gloves (worn)
 I - the +2 cloak of the Swan (worn) {Regen+ Str+4}
   (You found it on level 5 of the Dungeon)

   Str+4:     It affects your strength (+4).
   Regen+:    It increases your rate of health regeneration.
 J - the +3 pair of boots of Chimes (worn) {rCorr Str+4 Stlth-}
   (You bought it in a shop on level 5 of the Dungeon)

   Str+4:     It affects your strength (+4).
   rCorr:     It protects you from acid and corrosion.
   Stlth-:    It makes you less stealthy.
Magical Staves
 g - a staff of earth
Jewellery
 e - a ring of resist corrosion
 k - a +6 ring of dexterity
 q - a ring of fire
 s - a ring of see invisible
 L - a +6 ring of intelligence (right hand)
 O - a ring of wizardry
 P - a ring of protection from cold
 R - a +4 ring of protection (left hand)
 W - a ring of willpower
 Y - a ring of wizardry
Wands
 x - a wand of quicksilver (4)
 D - a wand of flame (45)
 H - a wand of roots (13)
Scrolls
 c - 4 scrolls of poison
 f - 5 scrolls of enchant armour
 i - a scroll of butterflies
 j - a scroll of immolation
 o - 2 scrolls of revelation
 r - 3 scrolls of enchant weapon
 v - 3 scrolls of amnesia
 w - 3 scrolls of fog
 A - 2 scrolls of torment
 E - a scroll of silence
 Z - 2 scrolls of brand weapon {unknown}
Potions
 a - 2 potions of invisibility {unknown}
 b - 3 potions of magic
 h - 2 potions of lignification
 m - a potion of enlightenment {unknown}
 p - 3 potions of curing
 t - 4 potions of mutation
 z - 2 potions of degeneration {unknown}
 B - 2 potions of attraction {unknown}
 C - a potion of brilliance
 F - 3 potions of cancellation {unknown}
 K - 2 potions of might
 Q - 2 potions of heal wounds {unknown}
 T - 2 potions of berserk rage {unknown}
 X - 2 potions of resistance {unknown}


   Skills:
 + Level 10.6 Fighting
 - Level 2.1 Maces & Flails
 + Level 4.9 Polearms
 - Level 10.0 Armour
 - Level 1.5 Dodging
 - Level 2.1 Stealth
 - Level 9.0 Shields
 + Level 14.5 Spellcasting
 - Level 9.0 Conjurations
 + Level 14.0 Earth Magic
 - Level 0.7 Alchemy


You had 35 spell levels left.
You knew the following spells:

 Your Spells              Type           Power      Damage    Failure   Level
a - Sandblast             Erth           100%       2d20      0%          1
b - Stone Arrow           Conj/Erth      100%       3d13      1%          3
c - Brom's Barrelling Bo  Conj/Erth      95%        2d10      1%          4

Your spell library contained the following spells:

 Spells                   Type           Power      Damage    Failure   Level
 Ensorcelled Hibernation  Hex/Ice        66%        N/A       1%          2
 Passwall                 Alch/Erth      65%        N/A       1%          2
 Petrify                  Alch/Erth      79%        N/A       1%          4
 Swiftness                Air            33%        N/A       4%          3
 Dispel Undead            Necr           33%        3d14      14%         4
 Simulacrum               Ice/Necr       16%        N/A       91%         6


Dungeon Overview and Level Annotations

Branches:
Dungeon (12/15)            Temple (1/1) D:6            Lair (0/5) D:11
    Orc (2/2) D:12            Elf (2/3) Orc:2

Altars:
Ashenzari
Cheibriados
Dithmenos
Elyvilon
Fedhas
Gozag
Kikubaaqudgha
Makhleb
Nemelex Xobeh
Okawaru
Ru
Sif Muna
Trog
Uskayaw
Vehumet
Wu Jian
Yredelemnul
Zin
The Shining One

Shops:
D:2 !   D:5 [   D:7 *   Orc:2 *:?(   Elf:1 [   Elf:2 [

Portals:
Pandemonium: Orc:2

Annotations:
D:5 3 runed translucent doors, Gantz's ghost, novice MiBe
D:12 6 runed translucent doors
Elf:1 2 transporters, exclusion: orange crystal statue
Elf:2 5 runed translucent doors


Innate Abilities, Weirdness & Mutations

You are immune to sickness and miasma.
Your stone body is resilient. (AC +11)
You are immune to poison.
Your large and strong wings let you fly.
You resist negative energy. (rN+)
You are resistant to electric shocks. (rElec)
You are resistant to unholy torment.
You are immune to petrification.
Your mind is acute. (Int +4, Str/Dex -1)
Your muscles are strong. (Str +4, Int/Dex -1)


Message History

The two-headed ogre hits you with a +0 giant club!
* * * LOW HITPOINT WARNING * * *
The two-headed ogre completely misses you.
The orc warrior moves out of view. x2
Unknown command.
Unknown command.
Unknown command.
As you read the scroll of teleportation, it crumbles to dust.
You feel strangely unstable.
The orc knight no longer looks unusually strong.
You feel better.
The two-headed ogre hits you but does no damage.
You block the two-headed ogre's attack.
Unknown command.
Your surroundings suddenly seem different.
A +1 heavy dire flail and a +5 scimitar of protection come into view.
You block the +1 heavy dire flail's attack.
The +1 heavy dire flail attacks as it pursues you!
You block the +1 heavy dire flail's attack.
The +1 heavy dire flail hits you but does no damage.
A +2 scimitar of draining comes into view.
The +1 heavy dire flail barely misses you.
The +5 scimitar of protection hits you. The +1 heavy dire flail hits you!!
* * * LOW HITPOINT WARNING * * *
You are too injured to fight recklessly!
You are too injured to fight recklessly!
Unknown command.
You hit the +5 scimitar of protection.
The +5 scimitar of protection is lightly damaged.
The +5 scimitar of protection hits you but does no damage.
You block the +1 heavy dire flail's attack.
The +5 scimitar of protection hits you.
* * * LOW HITPOINT WARNING * * *
Unknown command.
You hit the +5 scimitar of protection.
The +5 scimitar of protection is moderately damaged.
The +2 scimitar of draining hits you.
* * * LOW HITPOINT WARNING * * *
The +5 scimitar of protection hits you!
You die...

...+.......#####...#
##..#..... ...+...#...#
##### #..#.....
...##.....## ##.##.... ...
###.### #.##..## ##.##
####.#..### #...#
#......###. ####### ####
#.........[ ##.# ##..###
#......##.. .##...##(@...#
###..####.. ........((...#
##.#.###.##
........#.....##.##.##.###
.......###....##......## #
......# #...#######.##
...... ...# ##.### .....
...# ##..# ..... ...#
#.... .... .# ##..#


You could see 3 dancing weapons.

Vanquished Creatures
  Zenata (Elf:1)
  A deep elf sorcerer (Elf:1)
  An orc warlord (Elf:2)
  2 deep elf death magi (Elf:1)
  Snorg (Orc:2)
  Josephine (Orc:2)
  2 hydras (D:9)
  An ogre mage (D:12)
  2 demonspawn (Orc:2)
  10 two-headed ogres
  A boulder beetle (D:12)
  9 dancing weapons
  2 centaur warriors
  A tengu warrior (D:9)
  7 orc high priests
  4 deep elf knights
  A soul eater (Orc:2)
  4 large abominations (Elf:1)
  3 deep elf archers
  Pikel (D:8)
  A necromancer (Elf:1)
  8 deep elf pyromancers
  7 deep elf zephyrmancers
  7 orc knights
  An ugly thing (D:12)
  A cyclops (D:9)
  5 orc sorcerers (Orc:2)
  Maurice (D:8)
  2 elephants (D:11)
  A rust devil (Orc:2)
  An orange demon (Orc:2)
  Joseph (D:7)
  4 gargoyles
  An unseen horror (D:12)
  A smoke demon (Orc:2)
  Jeremiah (D:7)
  2 komodo dragons (D:12)
  3 kobold demonologists
  A freezing wraith (D:9)
  5 trolls
  6 wraiths
  4 water elementals
  A vampire (D:12)
  An air elemental (Elf:1)
  A slime creature (D:12)
  A yak (D:9)
  3 shadows
  A wyvern (D:9)
  A fire elemental (Elf:1)
  Grum (D:9)
  3 wargs
  5 vampire mosquitoes
  A chaos spawn (Orc:2)
  35 orc warriors
  2 water moccasins
  A black bear (D:11)
  2 sky beasts (D:7)
  8 ogres
  6 wolves
  5 centaurs
  A lemure (D:8)
  5 kobold brigands
  3 bullfrogs
  2 elf zombies (Elf:1)
  5 gnoll sergeants
  2 scorpions
  An earth elemental (Orc:2)
  7 wights
  9 killer bees
  4 howler monkeys
  4 electric eels (D:12)
  2 bombardier beetles
  A jelly (D:6)
  30 orc priests
  12 hounds
  2 gnoll boudas
  3 iguanas (D:4)
  2 sleepcaps
  16 orc wizards
  38 gnolls
  6 adders
  A white imp (D:7)
  4 worms
  4 dart slugs
  67 orcs
  7 ball pythons
  5 bats
  9 endoplasms
  3 giant cockroaches
  6 goblins
  9 hobgoblins
  A jackal (D:5)
  2 quokkas
  2 frilled lizards (D:3)
  18 kobolds
  3 rats
493 creatures vanquished.

Vanquished Creatures (collateral kills)
  18 boulders
18 creatures vanquished.

Vanquished Creatures (others)
  A deep elf knight (Elf:1)
  2 orc knights (Elf:2)
  20 boulders
23 creatures vanquished.

Grand Total: 534 creatures vanquished

Notes
Turn   | Place    | Note
-------+----------+-------------------------------------------
     0 | D:1      | bumbalina the Gargoyle Earth Elementalist began the quest
                  | for the Orb.
     0 | D:1      | Reached XP level 1. HP: 10/10 MP: 3/3
   204 | D:1      | Reached XP level 2. HP: 15/15 MP: 3/5
   747 | D:2      | Reached XP level 3. HP: 19/19 MP: 5/7
   996 | D:2      | Found Peogupha's Distillery.
  1173 | D:2      | Reached XP level 4. HP: 24/24 MP: 3/9
  1375 | D:3      | Found a broken altar of Ashenzari.
  1643 | D:3      | Reached XP level 5. HP: 28/28 MP: 7/11
  1919 | D:3      | Found a faded altar of an unknown god.
  1944 | D:3      | Reached skill level 5 in Earth Magic
  2676 | D:4      | Reached XP level 6. HP: 32/32 MP: 8/13
  2909 | D:4      | Reached skill level 5 in Spellcasting
  3267 | D:5      | Entered Level 5 of the Dungeon
  3304 | D:5      | Reached XP level 7. HP: 36/36 MP: 11/15
  3610 | D:5      | Found a runed translucent gate.
  3610 | D:5      | Found a runed translucent gate.
  3611 | D:5      | Found a runed translucent gate.
  3614 | D:5      | Noticed Gantz's ghost (novice MiBe)
  3634 | D:5      | Reached XP level 8. HP: 41/41 MP: 16/18
  3962 | D:5      | Identified the +2 cloak of the Swan {Regen+ Str+4}
  4031 | D:5      | Found a hide-covered altar of Uskayaw.
  4390 | D:5      | Found Uranass's Antique Armour Boutique.
  4394 | D:5      | Bought a pair of encrusted boots for 256 gold pieces
  4394 | D:5      | Identified the +3 pair of boots of Chimes {rCorr Str+4
                  | Stlth-} (You bought it in a shop on level 5 of the Dungeon)
  4696 | D:5      | Reached XP level 9. HP: 33/46 MP: 17/21
  4698 | D:5      | Reached skill level 1 in Armour
  4837 | D:6      | Reached skill level 1 in Fighting
  5365 | D:6      | Found a staircase to the Ecumenical Temple.
  5555 | D:7      | Noticed Jeremiah
  5904 | D:7      | Killed Jeremiah
  6235 | D:7      | Found Mamuosepp's Overcharged Wands.
  6439 | D:7      | Noticed Joseph
  6444 | D:7      | Gained mutation: You have a pair of small horns on your
                  | head. [potion of mutation]
  6444 | D:7      | Gained mutation: You are occasionally teleported next to
                  | monsters. [potion of mutation]
  6452 | D:7      | Killed Joseph
  6473 | D:7      | Lost mutation: You have a pair of small horns on your head.
                  | [potion of mutation]
  6473 | D:7      | Lost mutation: You are occasionally teleported next to
                  | monsters. [potion of mutation]
  6473 | D:7      | Gained mutation: Your muscles are strong. (Str +4, Int/Dex
                  | -1) [potion of mutation]
  6473 | D:7      | Gained mutation: Your mind is acute. (Int +4, Str/Dex -1)
                  | [potion of mutation]
  6473 | D:7      | Gained mutation: Your large and strong wings let you fly.
                  | [potion of mutation]
  6890 | Temple   | Entered the Ecumenical Temple
  6929 | Temple   | Became a worshipper of Cheibriados the Contemplative
  6972 | D:8      | Noticed Pikel
  6973 | D:8      | Noticed Maurice
  6976 | D:8      | Killed Pikel
  6977 | D:8      | Reached skill level 10 in Spellcasting
  6977 | D:8      | Reached XP level 10. HP: 57/57 MP: 19/24
  6981 | D:8      | Maurice stole an amulet of faith
  6982 | D:8      | Killed Maurice
  7026 | D:8      | Learned a level 3 spell: Stone Arrow
  7031 | D:8      | Learned a level 4 spell: Brom's Barrelling Boulder
  7125 | D:5      | Bought a kite shield for 121 gold pieces
  7297 | D:8      | Reached skill level 10 in Earth Magic
  7358 | D:8      | Reached * piety under Cheibriados
  7646 | D:9      | Noticed Grum
  7652 | D:9      | Reached skill level 1 in Shields
  7655 | D:9      | Reached skill level 1 in Conjurations
  7656 | D:9      | Killed Grum
  7690 | D:9      | Noticed a gargoyle
  8106 | D:9      | Noticed a two-headed ogre
  8112 | D:9      | Killed a two-headed ogre
  8113 | D:9      | Reached skill level 5 in Fighting
  8113 | D:9      | Reached skill level 5 in Armour
  8116 | D:9      | Reached ** piety under Cheibriados
  8185 | D:9      | Found an ancient bone altar of Kikubaaqudgha.
  8255 | D:9      | Killed a gargoyle
  8359 | D:9      | Reached XP level 11. HP: 57/64 MP: 13/25
  8465 | D:9      | Noticed a cyclops
  8465 | D:9      | Noticed a centaur warrior
  8480 | D:9      | Noticed a seven-headed hydra
  8619 | D:9      | Noticed a two-headed ogre
  8631 | D:9      | Killed a two-headed ogre
  8905 | D:9      | Killed a centaur warrior
  8908 | D:9      | Killed a seven-headed hydra
  8948 | D:9      | Noticed a tengu warrior
  8964 | D:9      | Noticed a seven-headed hydra
  8966 | D:9      | Killed a tengu warrior
  8972 | D:9      | Killed a seven-headed hydra
  9270 | D:9      | Killed a cyclops
  9576 | D:9      | Reached *** piety under Cheibriados
  9582 | D:10     | Entered Level 10 of the Dungeon
  9757 | D:10     | Identified the +6 flail of the Abyss {flame, rC+ Dex+4}
  9855 | D:10     | Noticed a two-headed ogre
  9858 | D:10     | Killed a two-headed ogre
  9961 | D:10     | Noticed a two-headed ogre
  9970 | D:10     | Killed a two-headed ogre
  9971 | D:10     | Reached XP level 12. HP: 71/71 MP: 9/27
 10280 | D:10     | Reached skill level 5 in Conjurations
 10359 | D:10     | Noticed a two-headed ogre
 10368 | D:10     | Killed a two-headed ogre
 10369 | D:10     | Reached skill level 5 in Shields
 10467 | D:10     | Found a blossoming altar of Fedhas.
 10469 | D:10     | Found an iron altar of Okawaru.
 10504 | D:10     | Found an opulent altar of Gozag.
 10763 | D:11     | Reached **** piety under Cheibriados
 11387 | D:11     | Found a staircase to the Lair.
 11551 | D:12     | Noticed a sun demon
 11920 | D:12     | Noticed a two-headed ogre
 11925 | D:12     | Killed a two-headed ogre
 12016 | D:12     | Noticed a boulder beetle
 12042 | D:12     | Killed a boulder beetle
 12210 | D:12     | Noticed a two-headed ogre
 12220 | D:12     | Killed a two-headed ogre
 12359 | D:12     | Noticed a centaur warrior
 12359 | D:12     | Noticed an ogre mage
 12367 | D:12     | Killed a centaur warrior
 12376 | D:12     | Killed an ogre mage
 12466 | D:12     | Found a runed translucent gate.
 12466 | D:12     | Found a runed translucent gate.
 12466 | D:12     | Found a runed translucent gate.
 12483 | D:12     | Noticed a tengu reaver
 12484 | D:12     | Identified the ring of Ameadol {rElec rC+++ rCorr Str-4}
 12484 | D:12     | Noticed a deep elf annihilator
 12485 | D:12     | Noticed a tengu reaver
 12514 | D:12     | Reached ***** piety under Cheibriados
 12558 | D:12     | Noticed a two-headed ogre
 12558 | D:12     | Noticed a two-headed ogre
 12565 | D:12     | Killed a two-headed ogre
 12566 | D:12     | Reached XP level 13. HP: 78/78 MP: 10/29
 12706 | D:12     | Found a runed translucent gate.
 12706 | D:12     | Found a runed translucent gate.
 12706 | D:12     | Found a runed translucent gate.
 12895 | D:12     | Found a staircase to the Orcish Mines.
 13443 | Orc:1    | Entered Level 1 of the Orcish Mines
 13918 | Orc:2    | Entered Level 2 of the Orcish Mines
 13931 | Orc:1    | Reached skill level 1 in Maces & Flails
 14287 | Orc:2    | Noticed Josephine
 15126 | Orc:2    | Killed Josephine
 16365 | Orc:2    | Found a staircase to the Elven Halls.
 16615 | Orc:2    | Reached ****** piety under Cheibriados
 16843 | Orc:2    | Found Ashrebyra's General Store.
 16845 | Orc:2    | Found Ukeigapo's Magic Scroll Boutique.
 16851 | Orc:2    | Bought a scroll of teleportation for 30 gold pieces
 16851 | Orc:2    | Bought a potion of brilliance for 40 gold pieces
 16851 | Orc:2    | Bought a scroll of identify for 20 gold pieces
 16851 | Orc:2    | Bought a potion of might for 40 gold pieces
 16853 | Orc:2    | Identified a scroll of acquirement
 16854 | Orc:2    | Acquired the +8 trishula "Condemnation" {holy, anguish,
                  | *Noise Fly rN+}
 16854 | Orc:2    | Found the +8 trishula "Condemnation" {holy, anguish, *Noise
                  | Fly rN+}
 16905 | Orc:2    | Reached skill level 1 in Polearms
 17354 | Orc:2    | Noticed Snorg
 17361 | Orc:2    | Killed Snorg
 17368 | Orc:2    | Mutation became permanent: Your large and strong wings let
                  | you fly. [Gargoyle growth]
 17368 | Orc:2    | Gained mutation: Your large and strong wings let you fly.
                  | [Gargoyle growth]
 17368 | Orc:2    | Reached XP level 14. HP: 86/86 MP: 11/31
 17462 | Orc:2    | Paralysed by an orc sorcerer for 2 turns
 17627 | Orc:2    | Found Zamar's Antique Weapon Emporium.
 17627 | Orc:2    | Found Bisist's Book Shoppe.
 17628 | Orc:2    | Found a one-way gate leading to the halls of Pandemonium.
 17672 | Elf:1    | Entered Level 1 of the Elven Halls
 17676 | Elf:1    | Noticed a deep elf sorcerer
 17786 | Elf:1    | Killed a deep elf sorcerer
 18580 | Elf:1    | Found a transporter.
 18602 | Elf:1    | Paralysed by an air elemental for 1 turns
 18608 | Elf:1    | Paralysed by an air elemental for 1 turns
 18635 | Elf:1    | Noticed Zenata
 18654 | Elf:1    | Killed Zenata
 18941 | Elf:1    | Found Kyawoyloatz's Armour Shop.
 18999 | Elf:1    | Found a transporter.
 19120 | Elf:1    | Noticed a deep elf death mage
 19137 | Elf:1    | Killed a deep elf death mage
 19142 | Elf:1    | Killed a ghostly deep elf death mage
 19186 | Elf:1    | Got Kikubaaqudgha's Spellbook of the Mortuary
 19534 | Elf:2    | Reached skill level 10 in Fighting
 19534 | Elf:2    | Reached skill level 10 in Armour
 19861 | Elf:2    | Noticed a deep elf death mage
 19971 | Elf:1    | Killed a deep elf death mage
 20360 | Elf:2    | Found Qemuow's Antique Armour Shoppe.
 20698 | Elf:2    | Reached XP level 15. HP: 92/92 MP: 30/33
 20784 | Elf:2    | Found a huge runed translucent gate.
 20784 | Elf:2    | Found a huge runed translucent gate.
 20784 | Elf:2    | Found a huge runed translucent gate.
 20784 | Elf:2    | Found a huge runed translucent gate.
 20785 | Elf:2    | Found a huge runed translucent gate.
 20912 | Elf:2    | Noticed an orc warlord
 20924 | Elf:2    | Killed an orc warlord
 20969 | Elf:2    | Slain by a +5 scimitar of protection

Illustrated notes

Levels and vault maps discovered:
D:1:      lightli_arrival_windingriver, layout_rooms
D:2:      minmay_evil_eye, layout_basic, serial_shops,
          nicolae_shop_industrial_runoff, grunt_ministairs_10,
          minmay_misc_feat_enclosed
D:3:      minmay_door_path, layout_loops_ring, marbit_many_paths,
          nicolae_ecumenical_snake_handling
D:4:      layout_loops_cross
D:5:      layout_cave_pools, nicolae_uskayaw_murder_on_the_dancefloor,
          serial_gnoll_camp, gnoll_camp_huts_moat, gnoll_camp_mini_doghouse,
          gnoll_camp_mini_house, gnoll_camp_mini_shop, gammafunk_ghost_split
D:6:      layout_loops_ring, minmay_temple_entry_from_below_b
D:7:      layout_layer_cave, nicolae_shop_overcharged_wands, uniq_joseph,
          uniq_jeremiah
D:8:      cheibrodos_quashed, layout_rooms, uniq_pikel, uniq_maurice
D:9:      hangedman_cross_veins, layout_basic,
          mainiacjoe_overflow_small_starburst, uniq_grum
D:10:     layout_basic, mainiacjoe_overflow_alcove_4,
          nicolae_overflow_hidden_temple
D:11:     layout_roguey, grunt_lair_entry_orc_guard_hut
D:12:     kennysheep_treasure_stockpile, layout_loops_cross,
          minmay_orc_entry_guard_dogs
Temple:   dshaligram_water_room_temple
Orc:1:    layout_caves, basic_altar
Orc:2:    pf_orc_diabolical, layout_caves, uniq_snorg, uniq_josephine
Elf:1:    gammafunk_sealed_arena, layout_rooms, serial_shops, shop,
          minmay_elf_necromancy, uniq_zenata
Elf:2:    elven_hall_of_blades_hangedman_alternative
          [infiniplex_blade_entry_pillars], layout_rooms, special_room
          [special_room_orc], serial_shops, shop, uniq_aizul

Skill      XL: |  1  2  3  4  5  6  7  8  9 10 11 12 13 14 15 |
---------------+----------------------------------------------+-----
Earth Magic    | 4 5 6 7 8 9 10 11 12 13 14 | 14.0
Spellcasting   | 3 4 5 6 8 10 11 12 13 14 | 14.5
Armour         | 4 5 6 8 9 10 | 10.0
Fighting       | 4 5 6 8 9 10 | 10.6
Shields        | 2 4 6 7 9 |  9.0
Conjurations   | 2 4 6 7 8 9 |  9.0
Maces & Flails | 2 |  2.1
Polearms       | 2 4 |  4.9
Dodging        | |  1.5
Stealth        | |  2.1
Alchemy        | |  0.7

Action                     |  1- 3 |  4- 6 |  7- 9 | 10-12 | 13-15 || total
---------------------------+-------+-------+-------+-------+-------++-------
  Melee: Flail             |       |       |       |    20 |    16 ||    36
         Staff             |       |       |       |    19 |       ||    19
         Trishula          |       |       |       |       |   227 ||   227
   Cast: Sandblast         |    30 |    78 |   160 |   204 |   253 ||   725
         Brom's Barrelling |       |       |       |    36 |    11 ||    47
         Stone Arrow       |       |       |       |    80 |   188 ||   268
  Evoke: Wand              |       |       |     2 |       |       ||     2
    Use: Scroll            |       |     6 |     3 |     4 |     7 ||    20
         Potion            |       |       |     5 |     1 |     3 ||     9
 Armour: Robe              |     7 |    12 |    17 |       |       ||    36
         Ring mail         |       |       |    76 |   192 |   446 ||   714
         Skin              |       |       |     8 |       |       ||     8
  Dodge: Dodged            |     4 |    12 |    81 |    97 |   223 ||   417
  Block: Kite shield       |       |       |       |    85 |   412 ||   497

Table legend: (Time is in decaauts)
 A = Elapsed time spent in this place.
 B = Non-inter-level travel time spent in this place.
 C = Inter-level travel time spent in this place.
 D = Time resting spent in this place.
 E = Time spent auto-exploring this place.
 F = Levels seen in this place.
 G = Mean time per level.
                   A        B        C        D        E       F      G
               +--------+--------+--------+--------+--------+-----+--------+
         Total |  25197 |  24351 |    846 |   5445 |  14499 |  17 | 1482.2 |
       Dungeon |  15508 |  14901 |    607 |   1889 |  10680 |  12 | 1292.3 |
        Temple |     60 |     40 |     20 |      0 |      0 |   1 |   60.0 |
  Orcish Mines |   6040 |   5882 |    158 |   2628 |   2096 |   2 | 3020.0 |
   Elven Halls |   3588 |   3528 |     60 |    928 |   1723 |   2 | 1794.0 |
               +--------+--------+--------+--------+--------+-----+--------+

Top non-repeatable levels by time:
   Orc:2: 4666 daAuts
    D:12: 2807 daAuts
   Elf:1: 2553 daAuts
     D:9: 2292 daAuts
     D:5: 1488 daAuts
   Orc:1: 1374 daAuts
    D:10: 1276 daAuts
    D:11: 1248 daAuts
     D:7: 1238 daAuts
     D:6: 1208 daAuts
     D:3: 1108 daAuts
   Elf:2: 1034 daAuts
     D:4: 863 daAuts
     D:2: 801 daAuts
     D:8: 628 daAuts
